 Dungeon Sprint DCSS version 0.18-a0-1123-gbd92598 (webtiles) character file.

65776 Kidiri the Unseen (level 13, -3/69 HPs)
             Began as a Spriggan Enchanter on Jan 19, 2016.
             Was the Champion of Dithmenos.
             Slain by an azure jelly (21 damage)
             ... in the Dungeon (Sprint III: "The Ten Rune Challenge").
             The game lasted 00:24:29 (4215 turns).

Kidiri the Unseen (Spriggan Enchanter)              Turns: 4215, Time: 00:24:30

Health: -3/69      AC:  5    Str:  2      XL:     13   Next: 60%
Magic:  2/31       EV: 35    Int: 18 (19) God:    Dithmenos [******]
Gold:   2978       SH:  0    Dex: 19      Spells: 9 memorised, 7 levels left

rFire  . . .     SeeInvis +     w - +7 short sword "Itsut" {freeze, rN+}
rCold  + . .     Gourm    .     b - +1 robe
rNeg   + . .     Faith    .     (shield restricted)
rPois  .         Spirit   .     v - +2 hat {SInv}
rElec  .         Dismiss  .     (no cloak)
rCorr  .         Reflect  .     (gloves unavailable)
SustAt .         Harm     .     (boots unavailable)
MR     ++...     NoTele   +     (no amulet)
Stlth  ++++++++++               (no ring)
                                (no ring)

@: very slightly contaminated, wreathed by umbra, very quick, very resistant to
hostile enchantments, uncannily stealthy
A: unfitting armour, see invisible, cold resistance 1, deterioration 1,
herbivore 3, speed 3, low mp 1, slow metabolism 2, weak 1, sturdy frame 1
a: Shadow Step, Shadow Form, Renounce Religion
}: 2/10 runes: serpentine, barnacled


You were in the Dungeon.
You worshipped Dithmenos.
Dithmenos was exalted by your worship.
You were not hungry.

You visited 1 branch You collected 3234 gold pieces.
You spent 256 gold pieces at shops.

Inventory:

Hand Weapons
 k - a +0 short sword
 w - the +7 short sword "Itsut" (weapon) {freeze, rN+}
   (You bought it in a shop in the Dungeon)

   It has been specially enchanted to freeze those struck by it, causing extra
   injury to most foes and up to half again as much damage against particularly
   susceptible opponents.
   It can also slow down cold-blooded creatures.
   It protects you from negative energy.
Armour
 b - a +1 robe (worn)
 v - a +2 hat of see invisible (worn)
Scrolls
 c - a scroll of identify
 j - a scroll of blinking
 m - a scroll of holy word
 s - a scroll of immolation {unknown}
 t - a scroll of remove curse {unknown}
Potions
 a - a potion of might
 e - 3 potions of curing
 g - 2 potions of haste
 h - a potion of magic
 i - a potion of berserk rage
 n - a potion of resistance {unknown}
 o - a potion of brilliance {unknown}
 q - 3 potions of cure mutation
 r - 2 potions of flight
 u - a potion of agility
Comestibles
 d - a bread ration
 l - 6 fruits
 p - 26 royal jellies


   Skills:
 + Level 8.5 Fighting
 * Level 15.2 Short Blades
 + Level 7.9 Armour
 * Level 18.9 Dodging
 * Level 20.5 Stealth
 * Level 16.6 Spellcasting
 + Level 7.6 Conjurations
 + Level 12.2 Hexes
 + Level 8.3 Ice Magic
 + Level 8.3 Air Magic
 + Level 7.3 Earth Magic
 - Level 2.2 Invocations


You had 7 spell levels left.
You knew the following spells:

 Your Spells              Type           Power        Failure   Level  Hunger
a - Corona                Hex            ######.      1%          1    None
b - Ensorcelled Hibernat  Hex/Ice        ######       1%          2    None
c - Confuse               Hex            ######..     1%          3    None
d - Tukima's Dance        Hex            ######..     1%          3    None
e - Dazzling Spray        Conj/Hex       ######..     1%          3    None
f - Static Discharge      Conj/Air       #####...     1%          3    None
g - Lightning Bolt        Conj/Air       #####.....   4%          5    ###....
h - Shatter               Erth           #####.....   100%        9    #######
i - Tornado               Air            #####.....   100%        9    #######


Dungeon Overview and Level Annotations

Branches:
Dungeon (1/1)

Altars:
Cheibriados
Dithmenos
Elyvilon
Fedhas
Gozag
Kikubaaqudgha
Makhleb
Nemelex Xobeh
Okawaru
Pakellas
Qazlal
Ru
Sif Muna
Trog
Vehumet
Xom
Yredelemnul
Zin
The Shining One
Jiyva
Lugonu

Shops:
D %}[=?(=


Innate Abilities, Weirdness & Mutations

You are tiny and cannot use many weapons and most armour.
You have supernaturally acute eyesight.
You are a herbivore.
You cover ground extremely quickly.
You need consume almost no food.
Your flesh is cold resistant.
Your body sometimes deteriorates upon taking damage.
Your magical capacity is low (-10% MP).
You are weak. (Str -2)
Your movements are slightly less encumbered by armour (ER -2).


Message History

Aiming: Dazzling Spray
Press: ? - help, Shift-Dir - straight line, f - azure jelly
Aim: an azure jelly (severely wounded, umbra)
The spray of energy hits the azure jelly.
The azure jelly is severely wounded.
The azure jelly closely misses you. The azure jelly barely misses you.
The azure jelly hits you. The azure jelly completely misses you.
Unknown command.
Casting: Dazzling Spray
Confirm with . or Enter, or press ? or * to list all spells.
Aiming: Dazzling Spray
Press: ? - help, Shift-Dir - straight line, f/p - azure jelly
Aim: an azure jelly (severely wounded, umbra)
The spray of energy hits the azure jelly.
The azure jelly is almost dead.
The azure jelly hits you but does no damage.
The azure jelly hits you.
* * * LOW HITPOINT WARNING * * *
The azure jelly freezes you!! You resist.
You die...

▓...+≈≈§≈≈≈≈.≈♣♣.....♣♣♣♣≈≈≈....
▓...#≈≈≈§§§§≈≈♣♣.≈≈≈≈'♣♣'♣≈≈≈≈≈≈
▓...#≈≈§≈§§§≈≈≈'.....#.≈♣♣♣♣♣♣♣♣
▓...#≈≈§§§§.≈≈♣♣♣♣♣♣♣#..♣♣
▓.%.#≈≈≈≈≈≈§≈≈♣ ###'♣♣♣♣♣♣♣
▓##+####'#######♣ ♣♣♣♣.##..##≈
▓..J......).....♣♣ ♣...##.##.#≈
▓#'#############'♣ ♣♣.##.##.##'
▓...#≈........J@.♣ ♣..#.##.).#
▓...'≈≈...########♣♣ ♣♣.##.##..#
▓...#≈≈≈.....(....:♣ ♣♣.##.#####
▓...#≈≈≈≈..........♣ ♣.....##...
#+#############+#############'##
**,****** ▓≈≈≈≈≈≈≈≈≈≈≈≈▓#...
**,*,,,*** ▓≈≈≈≈≈≈≈≈≈≈≈≈▓#...
**,,,,,,,** ▓≈≈≈.†≈≈≈≈≈..▓####
**,,,,,,,,,** ▓≈≈....≈≈≈..%▓##..


You could see an azure jelly.

Vanquished Creatures
  Rupert (D)
  Polyphemus (D)
  Gastronok (D)
  Ilsuiw (D)
  Maud (D)
  3 azure jellies (D)
  A greater naga (D)
  2 dire elephants (D)
  A merfolk javelineer (D)
  Snorg (D)
  A hydra (D)
  A naga warrior (D)
  3 anacondas (D)
  4 death yaks (D)
  A centaur warrior (D)
  2 unseen horrors (D)
  A sea snake (D)
  A spriggan druid (D)
  A death drake (D)
  A lindwurm (D)
  An orc knight (D)
  2 elephants (D)
  A guardian serpent (D)
  7 black mambas (D)
  2 spiny frogs (D)
  A komodo dragon (D)
  3 wandering mushrooms (D)
  A fire drake (D)
  A queen bee (D)
  2 giant leeches (D)
  8 blink frogs (D)
  3 redbacks (D)
  2 spriggans (D)
  A shadow (D)
  2 nagas (D)
  A spatial vortex (D)
  4 water moccasins (D)
  An orc warrior (D)
  A swamp drake (D)
  A necrophage (D)
  2 centaurs (D)
  An earth elemental (D)
  A water elemental (D)
  32 killer bees (D)
  An electric eel (D)
  An orc priest (D)
  A jelly (D)
  Jessica (D)
  A necromancer (D)
  4 orc wizards (D)
  A wizard (D)
  A wolf (D)
  A kobold demonologist (D)
  3 sheep (D)
  3 humans (D)
  2 oozes (D)
  9 orcs (D)
  3 plants (D)
142 creatures vanquished.

Vanquished Creatures (collateral kills)
  An orc warrior (D)
  An orc (D)
2 creatures vanquished.

Vanquished Creatures (others)
  2 draconian scorchers (D)
  A hydra (D)
  A deep elf mage (D)
  3 yaktaurs (D)
  8 plants (D)
15 creatures vanquished.

Grand Total: 159 creatures vanquished

Notes
Turn   | Place    | Note
--------------------------------------------------------------
     0 | D        | Kidiri the Spriggan Enchanter began the quest for the Orb.
     0 | D        | Reached XP level 1. HP: 9/9 MP: 5/5
    11 | D        | Reached skill level 5 in Stealth
    11 | D        | Reached XP level 2. HP: 14/14 MP: 5/7
    15 | D        | Learned a level 2 spell: Ensorcelled Hibernation
    42 | D        | Noticed Jessica
    48 | D        | Killed Jessica
    48 | D        | Reached skill level 1 in Fighting
    48 | D        | Reached XP level 3. HP: 18/18 MP: 7/9
    53 | D        | Learned a level 3 spell: Confuse
    57 | D        | Learned a level 3 spell: Dazzling Spray
    92 | D        | Reached skill level 1 in Armour
    92 | D        | Reached skill level 5 in Dodging
    92 | D        | Reached skill level 6 in Stealth
    92 | D        | Reached skill level 1 in Ice Magic
   120 | D        | Reached XP level 4. HP: 14/22 MP: 2/11
   127 | D        | Learned a level 3 spell: Tukima's Dance
   200 | D        | Killed a white draconian scorcher
   245 | D        | Gained mutation: Your flesh is cold resistant. [potion of mutation]
   245 | D        | Gained mutation: Your movements are slightly less encumbered by armour (ER -2). [potion of mutation]
   245 | D        | Gained mutation: Your body sometimes deteriorates upon taking damage. [potion of mutation]
   246 | D        | Gained mutation: You are weak. (Str -2) [potion of mutation]
   246 | D        | Gained mutation: Your magical capacity is low (-10% MP). [potion of mutation]
   263 | D        | Noticed a water elemental
   268 | D        | Killed a water elemental
   268 | D        | Reached skill level 7 in Stealth
   268 | D        | Reached skill level 5 in Spellcasting
   268 | D        | Reached skill level 1 in Conjurations
   293 | D        | Killed a yaktaur
   293 | D        | Killed a white draconian scorcher
   311 | D        | Noticed a shadow
   313 | D        | Killed a shadow
   313 | D        | Reached skill level 5 in Short Blades
   313 | D        | Reached skill level 9 in Stealth
   313 | D        | Reached skill level 5 in Hexes
   313 | D        | Reached XP level 5. HP: 27/27 MP: 11/13
   313 | D        | Reached XP level 6. HP: 32/32 MP: 12/15
   366 | D        | Found an oddly glowing altar of Pakellas.
   366 | D        | Found a stormy altar of Qazlal.
   367 | D        | Found a sacrificial altar of Ru.
   367 | D        | Found a burning altar of Makhleb.
   367 | D        | Found a viscous altar of Jiyva.
   367 | D        | Found a shimmering altar of Xom.
   367 | D        | Found a shadowy altar of Dithmenos.
   367 | D        | Found a sparkling altar of Nemelex Xobeh.
   367 | D        | Found a corrupted altar of Lugonu.
   367 | D        | Found an opulent altar of Gozag.
   367 | D        | Noticed a spatial vortex
   371 | D        | Became a worshipper of Dithmenos the Shadowed
   376 | D        | Killed a spatial vortex
   376 | D        | Reached skill level 10 in Stealth
   376 | D        | Reached skill level 1 in Invocations
   404 | D        | Found a radiant altar of Vehumet.
   405 | D        | Found a deep blue altar of Sif Muna.
   405 | D        | Found an ancient bone altar of Kikubaaqudgha.
   421 | D        | Learned a level 3 spell: Static Discharge
   431 | D        | Found a glowing silver altar of Zin.
   432 | D        | Found a glowing golden altar of the Shining One.
   432 | D        | Found a white marble altar of Elyvilon.
   432 | D        | Noticed a deep elf mage
   437 | D        | Killed a deep elf mage
   437 | D        | Reached skill level 1 in Air Magic
   437 | D        | Reached XP level 7. HP: 21/36 MP: 9/17
   566 | D        | Learned a level 5 spell: Lightning Bolt
   569 | D        | Found an iron altar of Okawaru.
   570 | D        | Found a bloodstained altar of Trog.
   570 | D        | Noticed a human
   570 | D        | Noticed a human
   572 | D        | Killed a human
   572 | D        | Reached * piety under Dithmenos
   572 | D        | Reached skill level 11 in Stealth
   573 | D        | Killed a human
   573 | D        | Reached skill level 10 in Dodging
   591 | D        | Found a snail-covered altar of Cheibriados.
   592 | D        | Found a basalt altar of Yredelemnul.
   592 | D        | Found a blossoming altar of Fedhas.
   593 | D        | Reached XP level 8. HP: 40/42 MP: 19/19
   594 | D        | Reached ** piety under Dithmenos
   616 | D        | Noticed Snorg
   640 | D        | Killed Snorg
   640 | D        | Reached skill level 12 in Stealth
   931 | D        | Reached XP level 9. HP: 46/46 MP: 18/21
   934 | D        | Noticed a centaur warrior
   937 | D        | Killed a centaur warrior
   937 | D        | Reached skill level 13 in Stealth
   937 | D        | Reached skill level 10 in Spellcasting
   948 | D        | Killed a yaktaur
   986 | D        | Learned a level 9 spell: Shatter
  1053 | D        | Noticed an unseen horror
  1053 | D        | Noticed an unseen horror
  1054 | D        | Killed an unseen horror
  1054 | D        | Reached *** piety under Dithmenos
  1054 | D        | Reached skill level 1 in Earth Magic
  1056 | D        | Killed an unseen horror
  1056 | D        | Reached skill level 5 in Fighting
  1056 | D        | Reached skill level 14 in Stealth
  1066 | D        | Noticed a queen bee
  1070 | D        | Reached skill level 10 in Short Blades
  1074 | D        | Reached **** piety under Dithmenos
  1093 | D        | Killed a queen bee
  1093 | D        | Reached skill level 5 in Ice Magic
  1093 | D        | Reached XP level 10. HP: 49/51 MP: 1/23
  1239 | D        | Reached ***** piety under Dithmenos
  1570 | D        | Reached skill level 5 in Armour
  1583 | D        | Reached ****** piety under Dithmenos
  1938 | D        | Noticed a spiny frog
  1938 | D        | Noticed a spiny frog
  1941 | D        | Killed a spiny frog
  1941 | D        | Reached skill level 15 in Stealth
  1943 | D        | Killed a spiny frog
  1943 | D        | Reached skill level 5 in Conjurations
  2002 | D        | Reached skill level 5 in Air Magic
  2009 | D        | Noticed a lindwurm
  2025 | D        | Killed a lindwurm
  2025 | D        | Reached XP level 11. HP: 45/56 MP: 4/25
  2174 | D        | Noticed Maud
  2180 | D        | Killed Maud
  2180 | D        | Reached skill level 16 in Stealth
  2219 | D        | Noticed a six-headed hydra
  2219 | D        | Noticed an eight-headed hydra
  2253 | D        | Killed a six-headed hydra
  2272 | D        | Killed an eight-headed hydra
  2297 | D        | Noticed a death drake
  2299 | D        | Killed a death drake
  2299 | D        | Reached skill level 15 in Dodging
  2308 | D        | Found a blossoming altar of Fedhas.
  2308 | D        | Noticed a spriggan druid
  2310 | D        | Killed a spriggan druid
  2354 | D        | Noticed an anaconda
  2359 | D        | Killed an anaconda
  2401 | D        | Noticed an anaconda
  2403 | D        | Reached skill level 10 in Hexes
  2406 | D        | Killed an anaconda
  2406 | D        | Reached skill level 17 in Stealth
  2419 | D        | Noticed an anaconda
  2432 | D        | Reached skill level 5 in Earth Magic
  2509 | D        | Killed an anaconda
  2527 | D        | Learned a level 9 spell: Tornado
  2528 | D        | Noticed a naga warrior
  2528 | D        | Noticed a greater naga
  2528 | D        | Found Ycaotiar's Jewellery Shop.
  2528 | D        | Found Ahop's Magic Scroll Shoppe.
  2528 | D        | Found Uxtoq's Antique Weapon Boutique.
  2531 | D        | Killed a naga warrior
  2531 | D        | Reached XP level 12. HP: 62/62 MP: 23/28
  2532 | D        | Killed a greater naga
  2550 | D        | Got a serpentine rune of Zot
  2650 | D        | Reached skill level 18 in Stealth
  2710 | D        | Noticed Rupert
  2719 | D        | Killed Rupert
  2770 | D        | Noticed a death yak
  2771 | D        | Noticed a death yak
  2771 | D        | Noticed an azure jelly
  2771 | D        | Noticed a death yak
  2771 | D        | Noticed an azure jelly
  2771 | D        | Noticed a death yak
  2782 | D        | Killed a death yak
  2782 | D        | Reached skill level 15 in Spellcasting
  2947 | D        | Killed a death yak
  3122 | D        | Killed a death yak
  3279 | D        | Killed a death yak
  3424 | D        | Noticed Polyphemus
  3427 | D        | Reached skill level 19 in Stealth
  3440 | D        | Killed Polyphemus
  3532 | D        | Noticed Ilsuiw
  3535 | D        | Reached XP level 13. HP: 68/68 MP: 25/30
  3536 | D        | Found Afa Rov's Food Shoppe.
  3539 | D        | Found Xoes Gull's Gadget Boutique.
  3540 | D        | Found Poxkomut's Antique Armour Emporium.
  3541 | D        | Noticed a merfolk javelineer
  3543 | D        | Killed a merfolk javelineer
  3556 | D        | Killed Ilsuiw
  3578 | D        | Got a barnacled rune of Zot
  3651 | D        | Noticed an azure jelly
  3651 | D        | Noticed an azure jelly
  3652 | D        | Noticed a dire elephant
  3652 | D        | Noticed a dire elephant
  3652 | D        | Noticed Gastronok
  3654 | D        | Killed Gastronok
  3655 | D        | Killed a dire elephant
  3703 | D        | Killed a dire elephant
  3710 | D        | Reached skill level 20 in Stealth
  3810 | D        | Found Meojige's Jewellery Boutique.
  4059 | D        | Bought a scorched short sword for 256 gold pieces
  4059 | D        | Identified the +7 short sword "Itsut" {freeze, rN+} (You bought it in a shop in the Dungeon)
  4153 | D        | Killed an azure jelly
  4153 | D        | Reached skill level 15 in Short Blades
  4154 | D        | Killed an azure jelly
  4211 | D        | Killed an azure jelly
  4215 | D        | Slain by an azure jelly

Vault maps used:
D:        dungeon_sprint_mu

Action                   |  1- 3 |  4- 6 |  7- 9 | 10-12 | 13-15 || total
-------------------------+-------+-------+-------+-------+-------++-------
Melee: Dagger            |     2 |       |       |       |       ||     2
       Short sword       |    26 |     8 |    32 |   275 |    41 ||   382
 Cast: Ensorcelled Hiber |     2 |     2 |     7 |    54 |     2 ||    67
       Corona            |     2 |       |       |       |       ||     2
       Dazzling Spray    |       |     3 |     8 |    49 |     8 ||    68
       Confuse           |       |     1 |     2 |     4 |       ||     7
       Static Discharge  |       |       |     6 |    14 |     1 ||    21
       Lightning Bolt    |       |       |       |       |    15 ||    15
       Tukima's Dance    |       |       |       |       |     2 ||     2
Invok: Shadow Step       |       |       |     1 |    13 |     3 ||    17
  Use: Scroll            |       |     6 |       |       |       ||     6
       Potion            |       |     2 |     1 |       |     2 ||     5
 Stab: Sleeping          |     5 |     6 |    10 |    58 |    10 ||    89
       Invisible         |       |     1 |       |    10 |     2 ||    13
       Confused          |       |       |     4 |     2 |       ||     6
       Distracted        |       |       |       |       |     1 ||     1
  Eat: Bread ration      |       |       |       |     1 |       ||     1
